Map: 골든 월 - 래더

Players

IIIIIIIIIIII - Winner!

  • Race: Protoss Protoss
  • League: Master
  • Spawn Location: 7:00

llllllllllll

  • Race: Terran Terran
  • League: Master
  • Spawn Location: 5:00

VOD

Have the link to the VOD?

Description

Time

  • Played on: Aug. 5, 2020, 6:42 a.m.
  • Length: 3:55
Show
View Real Time Build Order
Export as new Build Order

IIIIIIIIIIII Protoss - Winner!

Build Orders:  

Get SALT Encoding   

  12  0:00  Probe  
  13  0:12  Probe  
  14  0:24  Probe  
  15  0:39  Pylon  
  15  0:57  Probe  
  15  0:59  Gateway x2  
  15  1:03  Assimilator  
  16  1:08  Pylon  
  16  1:09  Probe  
  17  1:21  Probe  
  18  1:34  Probe  
  19  1:44  Zealot x2 (Chrono Boost)  
  19  1:46  Probe  
  24  1:58  Probe  
  24  1:59  Cybernetics Core  
  25  2:02  Assimilator  
  25  2:03  Zealot  
  27  2:10  Probe  
  27  2:13  Pylon  
  28  2:25  Probe  
  29  2:36  Stalker  
  31  2:40  Stargate  
  29  3:02  Stalker  
  29  3:10  Stalker  
Show
View Real Time Build Order
Export as new Build Order

llllllllllll Terran 

Build Orders: Reaper Expand 

Get SALT Encoding   

  12  0:00  SCV  
  13  0:12  SCV  
  14  0:17  Supply Depot  
  14  0:24  SCV  
  15  0:39  SCV  
  15  0:40  Barracks  
  16  0:45  Refinery  
  16  0:51  SCV  
  17  1:03  SCV  
  18  1:17  SCV  
  19  1:29  Reaper  
  19  1:30  Orbital Command  
  20  1:45  Command Center  
  20  1:52  Supply Depot  
  20  1:57  SCV  
  21  2:02  Marine  
  22  2:10  Bunker  
  21  2:25  SCV  
  21  2:26  Marine  
  22  2:37  Factory, SCV  
  22  2:47  Marine  
  22  2:53  SCV  
  20  3:09  Marine  
  20  3:11  SCV  
  20  3:20  Orbital Command  
  20  3:24  Widow Mine  
  20  3:26  SCV, Bunker  
  22  3:27  Marine  
  22  3:38  SCV  
  23  3:42  Bunker  
Tags
 
Add a new tag
Caveats
  • Supply blocks, unpowered buildings, or Contaminate may cause inaccurate times.
  • Supply counts are checked every 10 seconds.